 Dungeon Crawl Stone Soup version 0.29.0-4-gdea44cf6ec (webtiles) character file.

Game seed: 9484296616167517774

16641 qw the Severer (level 12, -8/73 HPs)
             Began as a Tengu Warper on Aug 28, 2022.
             Was a High Priest of Okawaru.
             Mangled by a five-headed hydra (12 damage)
             ... on level 2 of the Lair of Beasts.
             The game lasted 00:01:23 (11737 turns).

qw the Severer (Tengu Warper)                      Turns: 11737, Time: 00:01:23

Health: -8/73      AC: 19    Str: 17    XL:     12   Next: 39%
Magic:  16/18      EV: 14    Int: 12    God:    Okawaru [*****.]
Gold:   250        SH:  0    Dex: 13    Spells: 15/15 levels left

rFire   + . .      SeeInvis +   c - +10 hand axe "Wuyps" {flame, rC+}
rCold   + . .      Faith    .   (no shield)
rNeg    . . .      Spirit   .   i - +2 plate armour {rF+}
rPois   .          Reflect  .   (helmet restricted)
rElec   .          Harm     .   j - +0 cloak
rCorr   .          Rampage  .   (no gloves)
Will    .....      Clarity  +   (boots unavailable)
Stlth   ..........              (no amulet)
HPRegen 0.22/turn               n - ring of see invisible
MPRegen 0.16/turn               e - +4 ring of evasion

@: about to teleport, heroic, flying quickly and evasively, quick
A: beak, talons 3, nimble flight, clarity, dopey 1, mutation resistance 1
a: Renounce Religion, Heroism, Finesse, Duel


You were on level 2 of the Lair of Beasts.
You worshipped Okawaru.
Okawaru was extremely pleased with you.
You visited 3 branches of the dungeon, and saw 11 of its levels.

You collected 591 gold pieces.
You spent 341 gold pieces at shops.


Innate Abilities, Weirdness & Mutations

You have a beak for a mouth.
You have claws for feet.
Your magical nature lets you fly swiftly and evasively.
You possess an exceptional clarity of mind.
You are dopey. (Int -2)
You are somewhat resistant to further mutation.


   Skills:
 - Level 8.1(13.1) Fighting
 - Level 16.4(21.4) Axes
 - Level 2.2(7.2) Throwing
 + Level 8.3(13.3) Armour
 - Level 4.0(9.0) Dodging
 - Level 2.0 Spellcasting
 - Level 2.4 Translocations
 + Level 7.5 Invocations


You had 15 spell levels left.
You didn't know any spells.
Your spell library contained the following spells:

 Spells                   Type           Power      Damage    Failure   Level
 Blink                    Tloc           12%        N/A       96%         2
 Gell's Gravitas          Tloc           6%         N/A       99%         3
 Lesser Beckoning         Tloc           6%         N/A       99%         3
 Teleport Other           Tloc           6%         N/A       99%         3
 Manifold Assault         Tloc           6%         N/A       100%        5

Inventory:

Hand Weapons
 c - the +10 hand axe "Wuyps" (weapon) {flame, rC+}
   (You found it on level 2 of the Dungeon)

   It burns those it strikes, dealing additional fire damage.
   Big, fiery blades are also staple armaments of hydra-hunters.
   rC:        It protects you from cold.
 Y - a +4 broad axe of draining
Armour
 i - a +2 plate armour of fire resistance (worn)
 j - a +0 cloak (worn)
Jewellery
 e - a +4 ring of evasion (right hand)
 m - a +4 ring of protection
 n - a ring of see invisible (left hand)
 p - a ring of fire
 r - the ring of Okawaru's Hatred {Fire rElec rPois Dex-4 Stlth+}
   (You found it on level 4 of the Dungeon)

   [ring of fire]

   It enhances your fire magic.
   Dex:       It affects your dexterity (-4).
   rF:        It protects you from fire.
   rC:        It makes you vulnerable to cold.
   rElec:     It insulates you from electricity.
   rPois:     It protects you from poison.
   Stlth:     It makes you more stealthy.
 s - a ring of poison resistance
 t - a ring of poison resistance
 v - a ring of resist corrosion
Scrolls
 a - 4 scrolls of teleportation
 b - 10 scrolls of identify
 u - 3 scrolls of vulnerability {unknown}
Potions
 f - 5 potions of curing
 g - 2 potions of mutation
 h - 3 potions of resistance
 k - a potion of magic
 l - 3 potions of haste
 o - 2 potions of might
 q - a potion of heal wounds

Dungeon Overview and Level Annotations

Branches:
Dungeon (8/15)             Temple (1/1) D:4            Lair (2/5) D:8
  Swamp (0/4) Lair:2
  Snake: Lair:2-3    Spider: Lair:2-3

Altars:
Ashenzari
Dithmenos
Elyvilon
Fedhas
Gozag
Hepliaklqana
Kikubaaqudgha
Makhleb
Nemelex Xobeh
Okawaru
Qazlal
Ru
Sif Muna
Uskayaw
Vehumet
Wu Jian
Xom
Yredelemnul
Zin
The Shining One

Shops:
D:4 ?   D:7 (   D:8 :?!

Annotations:
D:3 1 runed translucent door, Crazy Yiuf
D:4 Natasha


Message History

The eight-headed hydra barely misses you.
You chop one of the eight-headed hydra's heads off!
The flame cauterises the wound!
You slash the seven-headed hydra! You burn the seven-headed hydra.
You claw the seven-headed hydra! You peck the seven-headed hydra.
The seven-headed hydra is moderately wounded.
You slice one of the seven-headed hydra's heads off!
The flame cauterises the wound!
You slash the six-headed hydra! You burn the six-headed hydra.
The six-headed hydra is heavily wounded.
The six-headed hydra bites you but does no damage. x2
The six-headed hydra bites you.
The six-headed hydra bites you but does no damage. x2
The six-headed hydra bites you.
You lop one of the six-headed hydra's heads off!
The flame cauterises the wound!
You hit the five-headed hydra. You burn the five-headed hydra.
You claw the five-headed hydra. Your peck misses the five-headed hydra.
Your punch misses the five-headed hydra.
The five-headed hydra is severely wounded.
You hit the five-headed hydra but do no damage.
Your kick misses the five-headed hydra. You peck the five-headed hydra!
The five-headed hydra is severely wounded.
The five-headed hydra bites you but does no damage. x2
The five-headed hydra bites you. The five-headed hydra bites you! x2
You hit the five-headed hydra. You burn the five-headed hydra.
You claw the five-headed hydra!
The five-headed hydra is almost dead.
The five-headed hydra bites you.
The five-headed hydra bites you but does no damage.
The five-headed hydra bites you!
The five-headed hydra closely misses you.
The five-headed hydra completely misses you.
11737 ||| READING 5 scrolls of teleportation.
As you read the scroll of teleportation, it crumbles to dust.
You feel strangely unstable.
The five-headed hydra closely misses you.
The five-headed hydra bites you but does no damage.
The five-headed hydra bites you!
You die...

..# ####..#7# ###.......# ###
#..# #..#.#..# # #####..7777
#7..##### ###### ##.##.777¤.
777....## .....####....77.¤¤
...77##..#
........#....7.¤¤77.¤.777.#+##
...%###.....77¤~~~¤¤¤77.<..<.#
....# ###...7~~~~D¤¤¤¤77.....#
....## #...7..~@~~¤¤¤7......##
.....# #..77..777.¤¤777......#
.....# ##..77..7 ~~~77.....##
##..## #.777¤.7777~~>7##.P.#
#### .. 7¤¤¤..77777.#.### #.
7777...77##...##
77~~~~...77.#.+.##
7~~~~~~~77.......#
7~~~~~~~~77.....##


You could see a five-headed hydra.

Vanquished Creatures
  A fire dragon (Lair:1)
  3 hydras
  A death yak (Lair:2)
  Pikel (D:6)
  A black mamba (Lair:1)
  Maggie (D:8)
  2 cane toads (Lair:2)
  A torpor snail (Lair:2)
  A rime drake (Lair:2)
  Grinder (D:3)
  13 blink frogs
  2 wyverns
  10 yaks
  Sigmund (D:4)
  A vampire (D:6)
  A basilisk (Lair:1)
  Menkaure (D:4)
  3 swamp worms (Lair:2)
  Duvessa (D:4)
  2 acid dragons
  6 water moccasins
  2 orc warriors
  2 black bears
  3 ogres
  A centaur (D:8)
  11 wolves (Lair:2)
  4 lemures (D:6)
  A phantom (D:6)
  A kobold brigand (D:7)
  2 necrophages
  A gnoll sergeant (D:8)
  4 scorpions (D:4)
  5 bullfrogs
  7 wights (D:7)
  Dowan (D:4)
  A howler monkey (D:4)
  10 orc priests
  3 hounds
  2 jellies
  6 iguanas
  Natasha (D:4)
  11 orc wizards
  Robin (D:4)
  7 adders
  4 gnolls
  4 shadow imps
  A white imp (D:7)
  2 ufetubi
  A dart slug (D:4)
  27 orcs
  5 endoplasms
  2 giant cockroaches
  16 goblins
  11 hobgoblins
  12 jackals
  2 quokkas
  6 ball pythons
  7 bats
  5 frilled lizards
  11 kobolds
  4 rats
261 creatures vanquished.

Vanquished Creatures (others)
  78 fungi
  14 plants
92 creatures vanquished.

Grand Total: 353 creatures vanquished

Notes
Turn   | Place    | Note
-------+----------+-------------------------------------------
     0 | D:1      | qw the Tengu Warper began the quest for the Orb.
     0 | D:1      | Reached XP level 1. HP: 12/12 MP: 4/4
     0 | D:1      | 0 ||| qw: Version: 0.1-a-89-g26bdef1
     0 | D:1      | 0 ||| qw: Game counter: 618
     0 | D:1      | 0 ||| qw: Always use a shield: true
     0 | D:1      | 0 ||| qw: God list: Okawaru
     0 | D:1      | 0 ||| qw: Allow faded altars: false
     0 | D:1      | 0 ||| qw: Do Orc after D:15 true
     0 | D:1      | 0 ||| qw: Do second Lair branch before Depths: true
     0 | D:1      | 0 ||| qw: Lair rune preference: random
     0 | D:1      | 0 ||| qw: Plans: Normal
     0 | D:1      | 0 ||| PLANNING D:1-11
   175 | D:1      | Reached skill level 3 in Axes
   175 | D:1      | Reached XP level 2. HP: 11/17 MP: 6/6
   595 | D:1      | You fall into a shaft and drop 1 floor!
   608 | D:2      | 608 ||| UPGRADING to +0 plate armour.
   618 | D:2      | 618 ||| DROPPING +0 leather armour.
   619 | D:2      | 619 ||| DROPPING ring of wizardry.
   620 | D:2      | 620 ||| READING 2 scrolls labelled TICLEO QYNAPN.
   634 | D:2      | Reached XP level 3. HP: 14/21 MP: 7/7
   812 | D:2      | 812 ||| DRINKING 2 smoky sapphire potions.
   813 | D:2      | 813 ||| DROPPING scroll of blinking.
   814 | D:2      | 814 ||| DROPPING potion of brilliance.
   818 | D:2      | 818 ||| Stepping ~*~*~tactically~*~*~ (stealth).
   825 | D:2      | Reached skill level 4 in Axes
   849 | D:2      | Identified the +10 hand axe "Wuyps" {flame, rC+}
   851 | D:2      | 851 ||| SWAPPING to +10 hand axe "Wuyps" {flame, rC+}.
   852 | D:2      | 852 ||| DROPPING +0 club.
   853 | D:2      | 853 ||| DROPPING +0 hand axe.
  1020 | D:2      | 1020 ||| READING scroll labelled VONIYKOPNUT.
  1021 | D:2      | 1021 ||| READING scroll labelled AFYPLEUKHLESSA.
  1022 | D:2      | 1022 ||| DRINKING 2 inky potions.
  1023 | D:2      | 1023 ||| DROPPING potion of flight.
  1381 | D:1      | 1381 ||| READING 3 scrolls labelled GISIRA AN NEN.
  1382 | D:1      | 1382 ||| READING 2 scrolls of enchant armour.
  1382 | D:1      | 1382 ||| ENCHANTING +0 plate armour.
  1383 | D:1      | 1383 ||| READING scroll of enchant armour.
  1383 | D:1      | 1383 ||| ENCHANTING +1 plate armour.
  1454 | D:2      | 1454 ||| Stepping ~*~*~tactically~*~*~ (stealth).
  1604 | D:3      | 1604 ||| Stepping ~*~*~tactically~*~*~ (stealth).
  1606 | D:3      | 1606 ||| Stepping ~*~*~tactically~*~*~ (hiding).
  1611 | D:3      | 1611 ||| Stepping ~*~*~tactically~*~*~ (hiding).
  1612 | D:3      | 1612 ||| Stepping ~*~*~tactically~*~*~ (hiding).
  1618 | D:3      | Reached XP level 4. HP: 26/26 MP: 8/8
  1630 | D:3      | 1630 ||| Stepping ~*~*~tactically~*~*~ (stealth).
  1716 | D:3      | Found a glowing golden altar of the Shining One.
  1772 | D:3      | Found a runed translucent door.
  1773 | D:3      | Noticed Crazy Yiuf
  1835 | D:3      | Noticed Grinder
  1838 | D:3      | Killed Grinder
  1839 | D:3      | Reached skill level 6 in Axes
  1839 | D:3      | Gained mutation: Your magical nature lets you fly swiftly
                  | and evasively. [Tengu growth]
  1839 | D:3      | Reached XP level 5. HP: 19/30 MP: 9/9
  1839 | D:3      | Reached XP level 6. HP: 22/35 MP: 10/10
  2216 | D:3      | Found a glowing silver altar of Zin.
  2436 | D:3      | Found an opulent altar of Gozag.
  2437 | D:3      | Found a burning altar of Makhleb.
  2583 | D:3      | 2583 ||| DROPPING amulet of faith.
  2584 | D:3      | 2584 ||| UPGRADING to ring of see invisible.
  2585 | D:3      | 2585 ||| READING scroll labelled HASEXI YRENE.
  2586 | D:3      | 2586 ||| DRINKING 2 golden potions.
  2587 | D:3      | 2587 ||| READING 3 scrolls of teleportation.
  2756 | D:3      | 2756 ||| READING 2 scrolls of teleportation.
  2790 | D:4      | 2790 ||| Stepping ~*~*~tactically~*~*~ (stealth).
  2797 | D:4      | Reached skill level 7 in Axes
  2797 | D:4      | 2797 ||| FLEEEEING.
  2798 | D:4      | 2798 ||| FLEEEEING.
  2799 | D:4      | 2799 ||| FLEEEEING.
  2800 | D:4      | 2800 ||| FLEEEEING.
  2801 | D:4      | 2801 ||| FLEEEEING.
  2837 | D:4      | Noticed Menkaure
  2838 | D:4      | 2838 ||| FLEEEEING.
  2839 | D:4      | 2839 ||| FLEEEEING.
  2847 | D:4      | 2847 ||| STAIRDANCE
  2986 | D:4      | Killed Menkaure
  2987 | D:4      | Reached XP level 7. HP: 43/43 MP: 11/11
  2990 | D:4      | Identified the ring of Okawaru's Hatred {Fire rElec rPois
                  | Dex-4 Stlth+}
  3067 | D:4      | Reached skill level 3 in Armour
  3242 | D:4      | Noticed Sigmund
  3243 | D:4      | 3243 ||| Stepping ~*~*~tactically~*~*~ (stealth).
  3251 | D:4      | Reached skill level 8 in Axes
  3256 | D:4      | Killed Sigmund
  3257 | D:4      | Reached XP level 8. HP: 35/48 MP: 12/12
  3358 | D:4      | Reached skill level 9 in Axes
  3383 | D:4      | Found Isapni's Magic Scroll Shop.
  3487 | D:4      | Noticed Robin
  3488 | D:4      | 3488 ||| Stepping ~*~*~tactically~*~*~ (hiding).
  3500 | D:4      | Killed Robin
  3502 | D:4      | Noticed Duvessa
  3503 | D:4      | 3503 ||| FLEEEEING.
  3504 | D:4      | 3504 ||| FLEEEEING.
  3505 | D:4      | 3505 ||| FLEEEEING.
  3506 | D:4      | 3506 ||| FLEEEEING.
  3507 | D:4      | 3507 ||| FLEEEEING.
  3508 | D:4      | 3508 ||| FLEEEEING.
  3516 | D:4      | Killed Duvessa
  3520 | D:4      | 3520 ||| FLEEEEING.
  3521 | D:4      | 3521 ||| FLEEEEING.
  3522 | D:4      | 3522 ||| STAIRDANCE
  3573 | D:3      | 3573 ||| UPGRADING to ring of Okawaru's Hatred {Fire rElec
                  | rPois Dex-4 Stlth+}.
  3574 | D:3      | 3574 ||| DRINKING 2 fizzy white potions.
  3575 | D:3      | 3575 ||| READING 5 scrolls of identify.
  3575 | D:3      | 3575 ||| IDENTIFYING fizzy yellow potion
  3576 | D:3      | 3576 ||| DRINKING potion of experience.
  3576 | D:3      | Reached skill level 15 in Axes
  3576 | D:3      | Reached XP level 9. HP: 52/52 MP: 13/13
  3577 | D:3      | 3577 ||| READING 4 scrolls of identify.
  3577 | D:3      | 3577 ||| IDENTIFYING brown potion
  3578 | D:3      | 3578 ||| READING 3 scrolls of identify.
  3578 | D:3      | 3578 ||| IDENTIFYING puce potion
  3579 | D:3      | 3579 ||| READING 2 scrolls of identify.
  3579 | D:3      | 3579 ||| IDENTIFYING bubbling puce potion
  3580 | D:3      | 3580 ||| DROPPING potion of attraction.
  3581 | D:3      | 3581 ||| DROPPING potion of degeneration.
  3602 | D:4      | Noticed Dowan
  3609 | D:4      | Killed Dowan
  3662 | D:4      | 3662 ||| Stepping ~*~*~tactically~*~*~ (stealth).
  3663 | D:4      | 3663 ||| Stepping ~*~*~tactically~*~*~ (stealth).
  3681 | D:4      | Found a radiant altar of Vehumet.
  3681 | D:4      | Found a faded altar of an unknown god.
  3689 | D:4      | Found a sacrificial altar of Ru.
  3691 | D:4      | Found a hazy altar of Hepliaklqana.
  3693 | D:4      | Found a faded altar of an unknown god.
  3747 | D:4      | Noticed Natasha
  3755 | D:4      | Killed Natasha
  3824 | D:4      | Found a staircase to the Ecumenical Temple.
  3825 | D:4      | 3825 ||| PLANNING TEMPLE
  3825 | D:4      | 3825 ||| READING scroll labelled YPAGED ZOMEPH.
  3836 | Temple   | Entered the Ecumenical Temple
  3844 | Temple   | Became a worshipper of Warmaster Okawaru
  3869 | Temple   | 3869 ||| PLANNING D:1-11
  4074 | D:4      | 4074 ||| READING scroll labelled YPLELO OSACIS.
  4278 | D:5      | Entered Level 5 of the Dungeon
  4367 | D:5      | 4367 ||| Stepping ~*~*~tactically~*~*~ (hiding).
  4798 | D:5      | Found a stormy altar of Qazlal.
  5078 | D:5      | Found a shimmering blue altar of Sif Muna.
  5148 | D:5      | 5148 ||| DRINKING 3 metallic coppery potions.
  5148 | D:5      | Gained mutation: You occasionally lose the ability to read
                  | scrolls when taking damage. [potion of mutation]
  5149 | D:5      | 5149 ||| DRINKING 2 potions of mutation.
  5149 | D:5      | Lost mutation: You occasionally lose the ability to read
                  | scrolls when taking damage. [potion of mutation]
  5149 | D:5      | Gained mutation: You are dopey. (Int -2) [potion of
                  | mutation]
  5149 | D:5      | Gained mutation: You possess an exceptional clarity of
                  | mind. [potion of mutation]
  5149 | D:5      | Gained mutation: You are somewhat resistant to further
                  | mutation. [potion of mutation]
  5150 | D:5      | 5150 ||| READING 2 scrolls of identify.
  5150 | D:5      | 5150 ||| IDENTIFYING cyan potion
  5198 | D:4      | Noticed Natasha
  5199 | D:4      | 5199 ||| Stepping ~*~*~tactically~*~*~ (stealth).
  5200 | D:4      | 5200 ||| READING 3 scrolls of teleportation.
  5219 | D:4      | 5219 ||| Stepping ~*~*~tactically~*~*~ (stealth).
  5316 | D:4      | 5316 ||| READING 2 scrolls of teleportation.
  5374 | D:4      | 5374 ||| BUYING 3 scrolls of identify (60 gold).
  5374 | D:4      | Bought 3 scrolls of identify for 60 gold pieces
  5374 | D:4      | 5374 ||| BUYING scroll of identify (20 gold).
  5374 | D:4      | Bought a scroll of identify for 20 gold pieces
  5374 | D:4      | 5374 ||| BUYING scroll of identify (20 gold).
  5374 | D:4      | Bought a scroll of identify for 20 gold pieces
  5374 | D:4      | 5374 ||| BUYING scroll of identify (20 gold).
  5374 | D:4      | Bought a scroll of identify for 20 gold pieces
  5374 | D:4      | 5374 ||| BUYING scroll of teleportation (30 gold).
  5374 | D:4      | Bought a scroll of teleportation for 30 gold pieces
  5374 | D:4      | 5374 ||| READING 7 scrolls of identify.
  5374 | D:4      | 5374 ||| IDENTIFYING fuming white potion
  5375 | D:4      | 5375 ||| READING 6 scrolls of identify.
  5375 | D:4      | 5375 ||| IDENTIFYING glowing purple potion
  5376 | D:4      | 5376 ||| DROPPING potion of invisibility.
  5391 | D:6      | 5391 ||| Stepping ~*~*~tactically~*~*~ (hiding).
  5525 | D:6      | 5525 ||| Stepping ~*~*~tactically~*~*~ (hiding).
  5529 | D:6      | 5529 ||| Stepping ~*~*~tactically~*~*~ (hiding).
  5532 | D:6      | 5532 ||| Stepping ~*~*~tactically~*~*~ (hiding).
  5533 | D:6      | 5533 ||| Stepping ~*~*~tactically~*~*~ (hiding).
  5534 | D:6      | 5534 ||| Stepping ~*~*~tactically~*~*~ (hiding).
  5545 | D:6      | Reached * piety under Okawaru
  5547 | D:6      | 5547 ||| FLEEEEING.
  5549 | D:6      | 5549 ||| FLEEEEING.
  5555 | D:6      | 5555 ||| STAIRDANCE
  5630 | D:6      | 5630 ||| INVOKING Heroism.
  5679 | D:6      | Found a shadowy altar of Dithmenos.
  5683 | D:6      | Reached XP level 10. HP: 57/59 MP: 14/14
  5685 | D:6      | Reached skill level 1 in Invocations
  5995 | D:6      | 5995 ||| INVOKING Heroism.
  6045 | D:6      | 6045 ||| INVOKING Heroism.
  6236 | D:6      | Found a broken altar of Ashenzari.
  6244 | D:6      | Noticed Pikel
  6245 | D:6      | 6245 ||| Stepping ~*~*~tactically~*~*~ (stealth).
  6250 | D:6      | 6250 ||| Stepping ~*~*~tactically~*~*~ (hiding).
  6261 | D:6      | Killed Pikel
  6262 | D:6      | Reached skill level 6 in Fighting
  6545 | D:6      | 6545 ||| READING scroll labelled GUCSOU LORUYC.
  6546 | D:6      | 6546 ||| READING scroll labelled VITWOP OMECWE.
  6547 | D:6      | 6547 ||| READING 6 scrolls of identify.
  6547 | D:6      | 6547 ||| IDENTIFYING sedimented sapphire potion
  6548 | D:6      | 6548 ||| DROPPING potion of lignification.
  6577 | D:7      | Found Muhuteydgh's Weapon Shoppe.
  6578 | D:7      | 6578 ||| Stepping ~*~*~tactically~*~*~ (hiding).
  6685 | D:7      | 6685 ||| SHOPLISTING +6 hand axe "Woffil" {protect, rPois
                  | Will+ Dex+4} (646 gold, have 164).
  6696 | D:7      | 6696 ||| Stepping ~*~*~tactically~*~*~ (hiding).
  6843 | D:7      | Reached ** piety under Okawaru
  6844 | D:7      | Reached skill level 3 in Invocations
  6887 | D:7      | 6887 ||| Stepping ~*~*~tactically~*~*~ (stealth).
  6946 | D:7      | 6946 ||| INVOKING Heroism.
  7071 | D:7      | Found a hide-covered altar of Uskayaw.
  7090 | D:7      | 7090 ||| INVOKING Heroism.
  7104 | D:7      | 7104 ||| Stepping ~*~*~tactically~*~*~ (stealth).
  7242 | D:7      | 7242 ||| Stepping ~*~*~tactically~*~*~ (stealth).
  7517 | D:7      | 7517 ||| INVOKING Heroism.
  7560 | D:7      | Found a white marble altar of Elyvilon.
  7883 | D:7      | 7883 ||| DROPPING +6 ring of dexterity.
  7933 | D:8      | 7933 ||| Stepping ~*~*~tactically~*~*~ (hiding).
  8042 | D:8      | Found a staircase to the Lair.
  8056 | D:8      | Noticed Maggie
  8057 | D:8      | 8057 ||| Stepping ~*~*~tactically~*~*~ (hiding).
  8058 | D:8      | 8058 ||| INVOKING Heroism.
  8059 | D:8      | Found Oxethox's Book Boutique.
  8069 | D:8      | Killed Maggie
  8070 | D:8      | Reached skill level 6 in Armour
  8078 | D:8      | 8078 ||| Stepping ~*~*~tactically~*~*~ (stealth).
  8222 | D:8      | 8222 ||| FLEEEEING.
  8257 | D:8      | 8257 ||| SWAPPING to +2 broad axe of draining.
  8258 | D:8      | 8258 ||| DROPPING +0 war axe.
  8280 | D:8      | 8280 ||| Stepping ~*~*~tactically~*~*~ (hiding).
  8329 | D:8      | 8329 ||| Stepping ~*~*~tactically~*~*~ (hiding).
  8347 | D:8      | 8347 ||| Stepping ~*~*~tactically~*~*~ (hiding).
  8386 | D:8      | Found Pureu's Distillery.
  8394 | D:8      | 8394 ||| BUYING potion of curing (39 gold).
  8394 | D:8      | Bought a potion of curing for 39 gold pieces
  8394 | D:8      | Found Heqevaaq's Magic Scroll Shoppe.
  8403 | D:8      | 8403 ||| BUYING scroll of enchant weapon (120 gold).
  8403 | D:8      | Bought a scroll of enchant weapon for 120 gold pieces
  8403 | D:8      | 8403 ||| BUYING scroll of identify (32 gold).
  8403 | D:8      | Bought a scroll of identify for 32 gold pieces
  8403 | D:8      | 8403 ||| READING scroll of enchant weapon.
  8403 | D:8      | 8403 ||| ENCHANTING +2 broad axe of draining.
  8548 | D:8      | 8548 ||| INVOKING Heroism.
  8615 | D:8      | 8615 ||| READING scroll of enchant weapon.
  8615 | D:8      | 8615 ||| ENCHANTING +3 broad axe of draining.
  8671 | D:8      | 8671 ||| Stepping ~*~*~tactically~*~*~ (hiding).
  8977 | D:8      | 8977 ||| PLANNING LAIR
  8977 | D:8      | 8977 ||| UPGRADING to +1 plate armour of fire resistance.
  8987 | D:8      | 8987 ||| UPGRADING to +4 ring of evasion.
  8989 | D:8      | 8989 ||| READING scroll labelled VACLYPLU VYJIR.
  9018 | Lair:1   | Entered Level 1 of the Lair of Beasts
  9091 | Lair:1   | Noticed a seven-headed hydra
  9092 | Lair:1   | 9092 ||| INVOKING Heroism.
  9096 | Lair:1   | 9096 ||| SWAPPING to +10 hand axe "Wuyps" {flame, rC+}.
  9103 | Lair:1   | Killed a one-headed hydra
  9103 | Lair:1   | Reached *** piety under Okawaru
  9104 | Lair:1   | Reached XP level 11. HP: 21/66 MP: 13/15
  9104 | Lair:1   | 9104 ||| SWAPPING to +4 broad axe of draining.
  9358 | Lair:1   | 9358 ||| Stepping ~*~*~tactically~*~*~ (stealth).
  9361 | Lair:1   | 9361 ||| Stepping ~*~*~tactically~*~*~ (stealth).
  9363 | Lair:1   | 9363 ||| INVOKING Heroism.
  9403 | Lair:1   | 9403 ||| Stepping ~*~*~tactically~*~*~ (stealth).
  9414 | Lair:1   | 9414 ||| Stepping ~*~*~tactically~*~*~ (hiding).
  9415 | Lair:1   | 9415 ||| Stepping ~*~*~tactically~*~*~ (hiding).
  9420 | Lair:1   | 9420 ||| INVOKING Heroism.
  9437 | Lair:1   | 9437 ||| INVOKING Heroism.
  9449 | Lair:1   | Reached **** piety under Okawaru
  9657 | Lair:1   | Noticed a five-headed hydra
  9658 | Lair:1   | 9658 ||| INVOKING Heroism.
  9659 | Lair:1   | 9659 ||| SWAPPING to +10 hand axe "Wuyps" {flame, rC+}.
  9664 | Lair:1   | Killed a one-headed hydra
  9665 | Lair:1   | 9665 ||| SWAPPING to +4 broad axe of draining.
  9780 | Lair:1   | 9780 ||| READING scroll of enchant armour.
  9780 | Lair:1   | 9780 ||| ENCHANTING +1 plate armour of fire resistance.
  9859 | Lair:1   | 9859 ||| INVOKING Heroism.
  9878 | Lair:1   | Reached skill level 16 in Axes
 10040 | Lair:1   | Noticed a fire dragon
 10041 | Lair:1   | 10041 ||| INVOKING Heroism.
 10056 | Lair:1   | Killed a fire dragon
 10384 | Lair:1   | 10384 ||| DROPPING +2 plate armour.
 10385 | Lair:1   | 10385 ||| UPGRADING to +0 cloak.
 10390 | Lair:1   | 10390 ||| READING 9 scrolls of identify.
 10390 | Lair:1   | 10390 ||| IDENTIFYING green potion
 10446 | Lair:2   | 10446 ||| Stepping ~*~*~tactically~*~*~ (stealth).
 10460 | Lair:2   | 10460 ||| Stepping ~*~*~tactically~*~*~ (stealth).
 10465 | Lair:2   | 10465 ||| INVOKING Heroism.
 10468 | Lair:2   | Reached ***** piety under Okawaru
 10468 | Lair:2   | Received a gift from Okawaru
 10521 | Lair:2   | 10521 ||| Stepping ~*~*~tactically~*~*~ (stealth).
 10624 | Lair:2   | Noticed a death yak
 10625 | Lair:2   | 10625 ||| INVOKING Heroism.
 10632 | Lair:2   | Reached skill level 6 in Invocations
 10632 | Lair:2   | 10632 ||| INVOKING Finesse.
 10638 | Lair:2   | Killed a death yak
 10639 | Lair:2   | Reached XP level 12. HP: 47/73 MP: 10/17
 10755 | Lair:2   | Found a radiant altar of Vehumet.
 10847 | Lair:2   | 10847 ||| INVOKING Heroism.
 10866 | Lair:2   | 10866 ||| DROPPING +4 war axe.
 10867 | Lair:2   | 10867 ||| INVOKING Heroism.
 10972 | Lair:2   | 10972 ||| Stepping ~*~*~tactically~*~*~ (stealth).
 10973 | Lair:2   | 10973 ||| INVOKING Heroism.
 10977 | Lair:2   | Received a gift from Okawaru
 11082 | Lair:2   | 11082 ||| Stepping ~*~*~tactically~*~*~ (stealth).
 11084 | Lair:2   | 11084 ||| INVOKING Heroism.
 11225 | Lair:2   | 11225 ||| Stepping ~*~*~tactically~*~*~ (stealth).
 11470 | Lair:2   | Noticed a seven-headed hydra
 11471 | Lair:2   | 11471 ||| Stepping ~*~*~tactically~*~*~ (hiding).
 11475 | Lair:2   | 11475 ||| INVOKING Heroism.
 11481 | Lair:2   | 11481 ||| INVOKING Finesse.
 11484 | Lair:2   | 11484 ||| SWAPPING to +10 hand axe "Wuyps" {flame, rC+}.
 11494 | Lair:2   | Killed a two-headed hydra
 11495 | Lair:2   | 11495 ||| SWAPPING to +4 broad axe of draining.
 11542 | Lair:2   | 11542 ||| FLEEEEING.
 11644 | Lair:2   | 11644 ||| Stepping ~*~*~tactically~*~*~ (hiding).
 11646 | Lair:2   | 11646 ||| INVOKING Heroism.
 11713 | Lair:2   | 11713 ||| Stepping ~*~*~tactically~*~*~ (stealth).
 11728 | Lair:2   | Found a staircase to the Swamp.
 11729 | Lair:2   | Noticed an eight-headed hydra
 11730 | Lair:2   | 11730 ||| INVOKING Heroism.
 11731 | Lair:2   | 11731 ||| SWAPPING to +10 hand axe "Wuyps" {flame, rC+}.
 11736 | Lair:2   | HP: 17/73 [five-headed hydra (3)]
 11736 | Lair:2   | HP: 4/73 [five-headed hydra (13)]
 11737 | Lair:2   | 11737 ||| READING 5 scrolls of teleportation.
 11737 | Lair:2   | Mangled by a five-headed hydra

Levels and vault maps discovered:
D:1:      dpeg_arrival_connections, layout_basic
D:2:      layout_basic
D:3:      layout_basic, nicolae_overflow_hidden_temple,
          mainiacjoe_overflow_divided_tiny, zin_treasury, uniq_grinder,
          uniq_crazy_yiuf_cottage
D:4:      minmay_bubble_buster, layout_loops_cross,
          chequers_temple_overflow_minitemple, minmay_temple_entry_stoned_glass,
          serial_shops, nicolae_take_the_stairs, st_stairs_6, uniq_robin,
          uniq_sigmund, uniq_menkaure, uniq_duvessa, uniq_natasha
D:5:      layout_basic, kennysheep_mini_moat, mainiacjoe_overflow_alcove_4
D:6:      layout_loops_ring, lemuel_round_altar, grunt_dithmenos_shadows,
          uniq_pikel
D:7:      layout_loops_ring, mainiacjoe_overflow_catch_the_wave, serial_shops,
          shop
D:8:      layout_loops_ring, lair_entry_dummy, serial_shops,
          nicolae_shop_hallway_stairs, shop, shop_fountains,
          minmay_misc_feat_more_columns, uniq_maggie
Temple:   nicolae_temple_little_seven
Lair:1:   dragon1_lemuel, layout_misc_corridors, wad_woods_river_03
Lair:2:   layout_roguey, palyth_hydra_swamp_entry, basic_altar

Skill      XL: |  1  2  3  4  5  6  7  8  9 10 11 12 |
---------------+-------------------------------------+-----
Axes           | 3 4 6 7 8 15 16 | 16.4
Armour         | 2 3 4 5 6 7 8 |  8.3
Fighting       | 4 5 6 8 |  8.1
Invocations    | 4 6 7 |  7.5
Dodging        | 4 |  4.0
Throwing       | 2 |  2.2
Spellcasting   | |  2.0
Translocations | |  2.4

Action                   |  1- 3 |  4- 6 |  7- 9 | 10-12 || total
-------------------------+-------+-------+-------+-------++-------
Melee: Hand axe          |    90 |    29 |   156 |   149 ||   424
       Kick              |    12 |     8 |    24 |   112 ||   156
       Peck              |     6 |     3 |    18 |    62 ||    89
       Broad axe         |       |       |       |   211 ||   211
       Punch             |       |       |       |     6 ||     6
Throw: Boomerang         |     7 |    11 |       |    16 ||    34
Invok: Heroism           |       |       |     1 |    23 ||    24
       Finesse           |       |       |       |     2 ||     2
  Use: Scroll            |     6 |     3 |    11 |     9 ||    29
       Potion            |     2 |     1 |     4 |       ||     7
Armor: Leather armour    |    11 |       |       |       ||    11
       Plate armour      |    39 |    18 |    57 |   120 ||   234
Dodge: Dodged            |    35 |     3 |    33 |   120 ||   191

Table legend:
 A = Non-vault XP
 B = Vault XP
 C = Vault XP percentage of total XP
 D = Non-vault monster count
 E = Vault monster count
 F = Vault count percentage of total count
                 A         B        C        D         E       F
            +---------+---------+-------+---------+---------+-------
      Total |   17064 |    5057 |  22.9 |     214 |      43 |  16.7
            +---------+---------+-------+---------+---------+-------
        D:1 |      35 |       0 |   0.0 |      23 |       0 |   0.0
        D:2 |      33 |       0 |   0.0 |      19 |       0 |   0.0
        D:3 |      65 |     267 |  80.4 |      16 |       1 |   5.9
        D:4 |     580 |     896 |  60.7 |      22 |      32 |  59.3
        D:5 |     665 |       0 |   0.0 |      11 |       0 |   0.0
        D:6 |    1083 |     734 |  40.4 |      25 |       2 |   7.4
        D:7 |    1404 |       0 |   0.0 |      24 |       0 |   0.0
        D:8 |     833 |     424 |  33.7 |      23 |       1 |   4.2
     Lair:1 |    6441 |     918 |  12.5 |      24 |       1 |   4.0
     Lair:2 |    5925 |    1818 |  23.5 |      27 |       6 |  18.2
            +---------+---------+-------+---------+---------+-------
